 Dungeon Crawl Stone Soup version 0.24.1 (webtiles) character file.

Game seed: 13981102714930383616, levelgen mode: deterministic

32 mortelune the Insei (level 3, -7/18 HPs)
             Began as a Vine Stalker Transmuter on Mar 28, 2020.
             Shot with an arrow by a centaur (10 damage)
             ... on level 2 of the Dungeon.
             The game lasted 00:02:26 (1397 turns).

mortelune the Insei (Vine Stalker Transmuter)       Turns: 1397, Time: 00:02:26

Health: -7/18      AC:  4    Str: 13    XL:     3   Next: 25%
Magic:  0/7        EV: 12    Int: 13    God:
Gold:   65         SH:  0    Dex: 14    Spells: 3/6 levels left

rFire    . . .     SeeInvis .     - Unarmed
rCold    . . .     Gourm    .   (no shield)
rNeg     . . .     Faith    .   g - +0 leather armour (curse)
rPois    .         Spirit   +   f - +0 helmet
rElec    .         Reflect  .   (no cloak)
rCorr    .         Harm     .   (no gloves)
MR       .....                  (no boots)
Stlth    +.........             (no amulet)
HPRegen  0.06/turn              h - ring of wizardry
MPRegen  0.10/turn              m - ring of flight

@: very slightly contaminated
A: fangs 2, magic shield, antimagic bite, no potion heal 3, rot immunity
a: Evoke Flight


You were on level 2 of the Dungeon.
You were not hungry.

You visited 1 branch of the dungeon, and saw 2 of its levels.

You collected 65 gold pieces.

Inventory:

Missiles
 a - 12 arrows
Armour
 b - a +0 robe
 f - a +0 helmet (worn)
 g - a cursed +0 leather armour (worn)
Jewellery
 h - a ring of wizardry (left hand)
 m - a ring of flight (right hand)
Scrolls
 e - a scroll of identify
 k - a scroll of amnesia {unknown}
 l - 2 scrolls of teleportation {unknown}
 o - a scroll of immolation {unknown}
Potions
 c - 2 potions of haste {unknown}
 n - a potion of agility {unknown}
 p - a potion of resistance {unknown}
Comestibles
 d - 6 rations


   Skills:
 + Level 1.4 Fighting
 + Level 1.9 Dodging
 * Level 3.5 Unarmed Combat
 - Level 2.2 Spellcasting
 + Level 2.3 Transmutations


You had 3 spell levels left.
You knew the following spells:

 Your Spells              Type           Power        Failure   Level  Hunger
a - Beastly Appendage     Tmut           #.....       4%          1    ##.....
b - Sticks to Snakes      Tmut           #.......     8%          2    ###....

Your spell library contained the following spells:

 Spells                   Type           Power        Failure   Level  Hunger
 Spider Form              Tmut/Pois      #.........   24%         3    ####...
 Ice Form                 Ice/Tmut       #.......     58%         4    #####..
 Blade Hands              Tmut           #.........   77%         5    ######.


Dungeon Overview and Level Annotations

Branches:
Dungeon (2/15)

Altars:


Innate Abilities, Weirdness & Mutations

You have extremely sharp teeth.
When hurt, damage is shared between your health and your magic reserves.
Your bite disrupts and absorbs the magic of your enemies.
Potions cannot restore your health.
You are immune to rotting.


Message History

The kobold shouts! x2; You hear a shout!
A centaur comes into view.
A kobold comes into view.
The centaur wields a +0 shortbow.
The centaur shoots an arrow.
The arrow hits you!
Ouch! That really hurt!
Found a spear and 2 puce potions.
The centaur shoots an arrow.
The arrow hits you!
* * * LOW HITPOINT WARNING * * *
As you read the scroll labeled JOZAOL UMNE, it crumbles to dust.
It is a scroll of identify.
i - a scroll of blinking Blink to where?
Press: ? - help, Dir - move target cursor You are very lightly contaminated with residual magic.
As you read the scroll of blinking, it crumbles to dust.
The centaur shoots an arrow.
The arrow hits you.
* * * LOW HITPOINT WARNING * * *
The centaur shoots an arrow.
The arrow hits you!
Ouch! That really hurt!
You die...

.#.......##'####.#
.#.#.............##
.#.#.#.#.#........#
...#..............###
.#.....#.#.#......'.#
.#.รท...#.#.#......###
.#....##.#.#......#
.###'###...#......#
.###.###.#.#####@##
...........# #.#
.########### #.# .#
#.# #.# ###.#########
#.c.........#
#.#.#######.#
#.#.........#


You could see a centaur.

Vanquished Creatures
  A worm (D:2)
  2 dart slugs (D:1)
  2 leopard geckos (D:1)
  A bat (D:1)
  A goblin (D:2)
  A hobgoblin (D:1)
  3 jackals (D:1)
  A kobold (D:1)
  A ball python (D:1)
  3 frilled lizards (D:1)
  9 rats
25 creatures vanquished.

Vanquished Creatures (others)
  8 toadstools (D:2)
8 creatures vanquished.

Grand Total: 33 creatures vanquished

Notes
Turn   | Place    | Note
-------+----------+-------------------------------------------
     0 | D:1      | mortelune the Vine Stalker Transmuter began the quest for
                  | the Orb.
     0 | D:1      | Reached XP level 1. HP: 9/9 MP: 4/4
   137 | D:1      | Reached skill level 1 in Fighting
   427 | D:1      | Reached XP level 2. HP: 14/14 MP: 6/6
   700 | D:1      | Learned a level 2 spell: Sticks to Snakes
   806 | D:1      | Reached XP level 3. HP: 18/18 MP: 7/7
  1378 | D:2      | Noticed a centaur
  1397 | D:2      | Shot with an arrow by a centaur

Levels and vault maps discovered:
D:1:      eino_arrival_druids_welcome, layout_loops_ring, minmay_cupped
D:2:      cheibrodos_fertilizer, layout_basic, first_ration

Skill      XL: |  1 |
---------------+----+-----
Fighting       | 1 |  1.4
Dodging        | |  1.9
Unarmed Combat | |  3.5
Spellcasting   | |  2.2
Transmutations | |  2.3

Action                   || total
-------------------------++-------
Melee: Unarmed           ||    69
       Bite              ||    15
       Kick              ||     5
       Punch             ||     1
 Cast: Beastly Appendage ||     8
  Use: Scroll            ||     2
  Eat: Chunk             ||     2
Armor: Leather armour    ||    16
       Robe              ||     1
Dodge: Dodged            ||    28
